 Dungeon Crawl Stone Soup version 0.27-a0-1147-gb3d8e82157 (webtiles) character file.

Game seed: 13195021649816554881

22 Kublaii the Skirmisher (level 2, -2/29 HPs)
             Began as a Gnoll Wanderer on May 11, 2021.
             Slain by a black bear (6 damage)
             ... on level 2 of the Dungeon.
             The game lasted 00:07:48 (1893 turns).

Kublaii the Skirmisher (Gnoll Wanderer)             Turns: 1893, Time: 00:07:49

Health: -2/29      AC:  2    Str: 11    XL:     2   Next: 91%
Magic:  2/2        EV: 11    Int: 11    God:
Gold:   27         SH:  0    Dex: 11    Spells: 1/2 levels left

rFire    . . .     SeeInvis .   k - +0 short sword
rCold    . . .     Faith    .   (no shield)
rNeg     . . .     Spirit   .   d - +0 robe
rPois    .         Reflect  .   (no helmet)
rElec    .         Harm     .   (no cloak)
rCorr    .         Rampage  .   (no gloves)
Will     .....                  (no boots)
Stlth    ++........             (no amulet)
HPRegen  0.09/turn              j - +4 ring of slaying
MPRegen  0.08/turn              (no ring)

@: flying
A: fangs 1, strong nose, distributed training
a: no special abilities


You were on level 2 of the Dungeon.
You visited 1 branch of the dungeon, and saw 2 of its levels.

You collected 27 gold pieces.

Inventory:

Hand Weapons
 k - a +0 short sword (weapon)
Missiles
 f - 25 stones (quivered)
Armour
 d - a +0 robe (worn)
Jewellery
 j - a +4 ring of slaying (left hand)
Scrolls
 a - 3 scrolls of identify {unknown}
 i - a scroll of enchant weapon {unknown}
Potions
 c - a potion of lignification
 e - a potion of flight
 g - a potion of ambrosia {unknown}
 h - a potion of brilliance {unknown}


   Skills:
 + Level 6.5 Fighting
 + Level 0.5 Short Blades
 + Level 0.5 Long Blades
 + Level 0.5 Axes
 + Level 0.5 Maces & Flails
 + Level 0.5 Polearms
 + Level 0.5 Staves
 + Level 0.5 Slings
 + Level 0.5 Bows
 + Level 0.5 Crossbows
 + Level 0.5 Throwing
 + Level 4.5 Armour
 + Level 0.5 Dodging
 + Level 2.3 Stealth
 + Level 2.5 Shields
 + Level 0.5 Unarmed Combat
 + Level 0.5 Spellcasting
 + Level 0.4 Conjurations
 + Level 0.4 Hexes
 + Level 5.4 Summonings
 + Level 0.4 Necromancy
 + Level 0.4 Translocations
 + Level 0.4 Transmutations
 + Level 0.4 Fire Magic
 + Level 0.4 Ice Magic
 + Level 0.4 Air Magic
 + Level 0.4 Earth Magic
 + Level 0.4 Poison Magic
 + Level 0.7 Invocations
 + Level 0.5 Evocations


You had one spell level left.
You knew the following spells:

 Your Spells              Type           Power      Damage    Failure   Level
a - Summon Small Mammal   Summ           48%        N/A       3%          1

Your spell library contained the following spells:

 Spells                   Type           Power      Damage    Failure   Level
 Call Imp                 Summ           12%        N/A       5%          2
 Call Canine Familiar     Summ           12%        N/A       11%         3
 Summon Guardian Golem    Hex/Summ       6%         N/A       30%         3
 Summon Ice Beast         Ice/Summ       6%         N/A       71%         4
 Summon Lightning Spire   Summ/Air       6%         N/A       71%         4


Dungeon Overview and Level Annotations

Branches:
Dungeon (2/15)

Altars:


Innate Abilities, Weirdness & Mutations

You have very sharp teeth.
Your uncanny sense of smell can sniff out nearby items.
Your experience applies equally to all skills.


Message History

The black bear is moderately wounded.
The black bear completely misses you.
The black bear claws you but does no damage.
The black bear barely misses you.
You hit the black bear but do no damage.
The black bear is moderately wounded.
The black bear closely misses you. The black bear claws you.
The black bear barely misses you.
You hit the black bear but do no damage.
The black bear is moderately wounded.
The black bear bites you but does no damage.
The black bear barely misses you. The black bear closely misses you.
You hit the black bear.
The black bear is heavily wounded.
The black bear barely misses you. The black bear claws you.
The black bear misses you.
You closely miss the black bear.
The black bear is heavily wounded.
The black bear barely misses you. The black bear claws you. x2
It was a potion of curing.
You feel better. The black bear barely misses you.
The black bear claws you but does no damage.
The black bear claws you.
You hit the black bear.
The black bear is severely wounded.
The black bear bites you. The black bear barely misses you.
The black bear claws you.
You hit the black bear.
The black bear is severely wounded.
The black bear goes berserk!
You hit the black bear but do no damage.
The black bear is severely wounded.
The black bear closely misses you. The black bear barely misses you.
The black bear claws you. The black bear barely misses you.
The black bear claws you.
* * * LOW HITPOINT WARNING * * *
The black bear misses you.
It was a potion of flight.
You feel very buoyant.
You fly up into the air.
The black bear bites you.
You die...

#.## .##
#>.. ... #
.... .. #
#.#..#.. .#
#.#..#. ..
.$... .# #
#..##..#.#
#.#.<......#
#(.h@....###
###...####
#...# #...#
#...# ∆
#...# #...#
.....


You could see a black bear (berserk).

Vanquished Creatures
  2 bats (D:1)
  2 endoplasms (D:1)
  A giant cockroach (D:1)
  2 goblins (D:1)
  3 hobgoblins (D:1)
  2 quokkas (D:1)
  2 ball pythons (D:1)
  A frilled lizard (D:1)
  3 kobolds (D:1)
18 creatures vanquished.

Notes
Turn   | Place    | Note
-------+----------+-------------------------------------------
     0 | D:1      | Kublaii the Gnoll Wanderer began the quest for the Orb.
     0 | D:1      | Kublaii set off with the following items: a +0 spear, a
                  | potion of lignification, a +0 robe; and the following spell
                  | memorised: Summon Small Mammal; and the following spells
                  | available to memorise: Call Imp, Call Canine Familiar,
                  | Summon Guardian Golem, Summon Ice Beast, Summon Lightning
                  | Spire
     0 | D:1      | Reached XP level 1. HP: 23/23 MP: 1/1
   473 | D:1      | Found a faded altar of an unknown god.
   477 | D:1      | Reached XP level 2. HP: 25/29 MP: 2/2
  1877 | D:2      | Noticed a black bear
  1893 | D:2      | Slain by a black bear

Illustrated notes

Levels and vault maps discovered:
D:1:      doesnt_arrival_eight_statues, layout_basic,
          ebering_ecumenical_altar_webs
D:2:      layout_loops_cross, serial_shops, nicolae_shop_behind_doors,
          minmay_tromino_v7, uniq_terence

Action                   || total
-------------------------++-------
Melee: Unarmed           ||    86
       Bite              ||     3
       Short sword       ||    11
Throw: Stone             ||    30
  Use: Potion            ||     2
Armor: Robe              ||    23
Dodge: Dodged            ||    68

Table legend: (Time is in decaauts)
 A = Elapsed time spent in this place.
 B = Non-inter-level travel time spent in this place.
 C = Inter-level travel time spent in this place.
 D = Time resting spent in this place.
 E = Time spent auto-exploring this place.
 F = Levels seen in this place.
 G = Mean time per level.
                   A        B        C        D        E       F      G
               +--------+--------+--------+--------+--------+-----+--------+
         Total |   1894 |   1847 |     47 |    339 |   1276 |   2 |  947.0 |
       Dungeon |   1894 |   1847 |     47 |    339 |   1276 |   2 |  947.0 |
               +--------+--------+--------+--------+--------+-----+--------+

Top non-repeatable levels by time:
     D:1: 1878 daAuts
     D:2: 16 daAuts
